 Dungeon Crawl Stone Soup version 0.20-a0-1122-gb7cbeb9 (webtiles) character file.

56 MikeHunt the Charlatan (level 3, -8/26 HPs)
             Began as a Demonspawn Artificer on May 14, 2017.
             Killed themself with a badly aimed iceblast (27 damage)
             ... on level 2 of the Dungeon.
             The game lasted 00:01:49 (975 turns).

MikeHunt the Charlatan (Demonspawn Artificer)        Turns: 975, Time: 00:01:50

Health: -8/26      AC:  3    Str: 12    XL:     3   Next: 69%
Magic:  6/6        EV: 12    Int: 12    God:
Gold:   52         SH:  0    Dex: 14    Spells: 2/2 levels left

rFire    . . .     SeeInvis .   a - +0 short sword
rCold    . . .     Gourm    .   (no shield)
rNeg     . . .     Faith    .   b - +0 leather armour
rPois    .         Spirit   .   (no helmet)
rElec    .         Reflect  .   (no cloak)
rCorr    .         Harm     .   (no gloves)
MR       .....                  (no boots)
Stlth    +.........             (no amulet)
Regen    0.1/turn               (no ring)
MPRegen  0.1/turn               (no ring)

@: slowed, very slow
A: spiny 1
a: no special abilities


You were on level 2 of the Dungeon.
You were not hungry.

You visited 1 branch of the dungeon, and saw 2 of its levels.

You collected 52 gold pieces.

Inventory:

Hand Weapons
 a - a +0 short sword (weapon)
 l - a cursed -1 hunting sling
Missiles
 m - 53 stones (quivered)
 n - 27 bolts
Armour
 b - a +0 leather armour (worn)
Wands
 c - a wand of flame (13/48)
 d - a wand of enslavement (15/24)
 e - a wand of random effects (13/48)
Scrolls
 o - a scroll of remove curse {unknown}
 p - a scroll of recharging {unknown}
Potions
 g - a potion of curing
 i - a potion of agility {unknown}
 j - a potion of invisibility {unknown}
Comestibles
 f - 2 bread rations
 h - 2 royal jellies
 k - a meat ration


   Skills:
 - Level 1.0 Fighting
 - Level 0.8 Short Blades
 - Level 1.7 Dodging
 - Level 0.8 Stealth
 + Level 4.7 Evocations


You had 2 spell levels left.
You didn't know any spells.

Dungeon Overview and Level Annotations

Branches:
Dungeon (2/15)

Altars:


Innate Abilities, Weirdness & Mutations

You are partially covered in sharp spines.


Message History

You closely miss Natasha.
Natasha is severely wounded.
Natasha stares at you and mumbles some strange words.
You feel yourself slow down.
You hit Natasha.
Natasha is severely wounded.
Natasha howls an incantation.
Natasha shimmers violently.
Natasha casts a spell at you. You resist with significant effort.
Natasha claws you but does no damage.
Evoke which item? (* to show all) (? for menu, Esc to quit)
Aiming: Random Effects
Press: ? - help, Shift-Dir - straight line, f/p - Natasha
Aim: Natasha (severely wounded)
The mass of ice explodes!
The iceblast engulfs Natasha.
You kill Natasha!
Natasha yowls pathetically as she dies!
The iceblast engulfs you!
Ouch! That really hurt!
You die...

..#....#....#.# .....
#....#.##.#.# ......
#.......###.##......
#.............).....
#........##......>..
#........#..........
..........#..........
..#...................
.........#.#.#@....#.
####..#.#.#.#r†...#
................#
##.##.#.#.......... .
#.#.#.......##. .
#.#.......# ..
#.#.##.#.## .. ....


You could see a rat.

Vanquished Creatures
  Natasha (D:2)
  An ooze (D:2)
  A dart slug (D:1)
  A ball python (D:1)
  3 goblins
  2 hobgoblins (D:1)
  4 bats
  4 frilled lizards (D:1)
  4 kobolds (D:1)
  3 rats
24 creatures vanquished.

Notes
Turn   | Place    | Note
-------+----------+-------------------------------------------
     0 | D:1      | MikeHunt the Demonspawn Artificer began the quest for the Orb.
     0 | D:1      | Reached XP level 1. HP: 15/15 MP: 3/3
    72 | D:1      | Gained mutation: You are partially covered in sharp spines. [demonic ancestry]
    72 | D:1      | Reached XP level 2. HP: 10/21 MP: 4/4
   795 | D:2      | Reached skill level 4 in Evocations
   950 | D:2      | Reached XP level 3. HP: 26/26 MP: 6/6
   965 | D:2      | Noticed Natasha
   975 | D:2      | Killed Natasha
   975 | D:2      | Killed themself with a badly aimed iceblast

Vault maps used:
D:1:      minmay_arrival_radiant_lines
D:2:      nicolae_ru_the_path_less_chosen, nicolae_overflow_hidden_temple,
          uniq_jessica, uniq_terence, uniq_natasha

Skill      XL: |  1  2 |
---------------+-------+-----
Evocations     | 4 |  4.7
Fighting       | |  1.0
Short Blades   | |  0.8
Dodging        | |  1.7
Stealth        | |  0.8

Action                   || total
-------------------------++-------
Melee: Short sword       ||    43
Throw: Stone             ||     6
Evoke: Wand              ||     4
Armor: Leather armour    ||    10
Dodge: Dodged            ||    21
